 Dungeon Crawl Stone Soup version 0.30-a0-723-gc1506a1cf0 (webtiles) character file.

Game seed: 16657355400999552644

162 Kuronicle the Sneak (level 5, 37/37 HPs)
             Began as an Octopode Monk on Jan 25, 2023.
             Quit the game on level 2 of the Dungeon on Jan 28, 2023.
             The game lasted 00:10:49 (2669 turns).

Kuronicle the Sneak (Octopode Monk)                 Turns: 2669, Time: 00:10:49

Health: 37/37      AC:  1    Str: 10    XL:     5   Next: 43%
Magic:  5/5        EV: 14    Int: 12    God:
Gold:   27         SH:  0    Dex: 17    Spells: 4/4 levels left

rFire   . . .      SeeInvis .    j - +3 quarterstaff (chaos)
rCold   . . .      Faith    .    (shield currently unavailable)
rNeg    . . .      Spirit   .    (helmet restricted)
rPois   .          Reflect  .    (no amulet)
rElec   .          Harm     .    (no ring)
rCorr   .          Rampage  .    (no ring)
Will    .....                    (no ring)
Stlth   ++++                     (no ring)
HPRegen 0.26/turn                (no ring)
MPRegen 0.09/turn                (no ring)
                                 (no ring)
                                 (no ring)

@: no status effects
A: almost no armour, amphibious, 8 rings, camouflage 1, gelatinous body 1,
(nimble swimmer 1), tentacles, screaming 1, inhibited regeneration, wild magic 1
a: no special abilities


You were on level 2 of the Dungeon.
You visited 1 branch of the dungeon, and saw 3 of its levels.

You collected 107 gold pieces.
You spent 80 gold pieces at shops.

Inventory:

Hand Weapons
 g - a +0 short sword
 j - a +3 quarterstaff of chaos (weapon)
Missiles
 d - 41 stones (quivered)
Armour
 k - a +0 tower shield
Scrolls
 e - 4 scrolls of teleportation
 h - a scroll of poison {unknown}
 i - a scroll of fog {unknown}
Potions
 a - a potion of ambrosia
 b - a potion of cancellation
 c - a potion of curing


   Skills:
 * Level 3.7 Fighting
 - Level 1.4 Short Blades
 * Level 1.0 Staves
 * Level 3.8 Dodging
 + Level 4.6 Stealth
 - Level 3.4 Unarmed Combat


You had 4 spell levels left.
You didn't know any spells.
Your spell library was empty.

Dungeon Overview and Level Annotations

Branches:
Dungeon (3/15)

Altars:

Shops:
D:2 !([


Innate Abilities, Weirdness & Mutations

You cannot wear most types of armour.
You are amphibious.
You can wear up to eight rings at the same time.
Your skin changes colour to match your surroundings (Stealth+).
Your rubbery body absorbs attacks. (AC +1, EV +1)
((You are camouflaged when in or above water. (Stealth+)))
You have tentacles for arms and can constrict up to eight enemies at once.
You occasionally shout uncontrollably at your foes.
You do not regenerate when monsters are visible.
Your spells are a little harder to cast, but a little more powerful.


Message History

The hobgoblin closely misses you. The hobgoblin hits you.
You thump the hobgoblin! You burn the hobgoblin.
You kill the hobgoblin!
You see here a hobgoblin corpse.
You see here a hobgoblin corpse.
There is an open door here.
You see here a +0 tower shield.
You can't go down here!
k - a +0 tower shield You need the rest of your tentacles for walking.
e - 4 scrolls labelled GOUSYI OBOLEUN (gained 1)
Found a cloak.
A giant cockroach comes into view.
As you read the scroll of identify, it crumbles to dust.
e - 4 scrolls of teleportation You hit the giant cockroach.
You kill the giant cockroach!
Found a stone staircase leading up.
Found 3 poisoned darts.
Found a stone staircase leading up.
An endoplasm comes into view.
An endoplasm is nearby!
The helpless endoplasm fails to defend itself.
You hit the endoplasm.
Lightning courses through the endoplasm!!
You kill the endoplasm!
Your Staves skill increases to level 1!
There is a stone staircase leading up here.
You can't go down here!
You climb upwards.
There is a stone staircase leading down here.
You open the door.
There is an open door here.
There is an entrance to Unaike's Distillery here.
f - a potion of mutation Thank you for shopping at Unaike's Distillery!
You feel extremely strange.
You feel the urge to shout.
You feel less in control of your magic.
Your regeneration stops near monsters.
Are you sure you want to abandon this character and quit the game? (Confirm with "yes".)

<#
#.............#
##
#......######..
#......# ##.#
#......# #..#
#######..# #..#
#♣.....#..#
#..#
#..≈≈≈....#
#..#
#.≈≈≈≈≈.#.#
#..#
#@≈≈≈≈≈...#
##.#
#.≈≈≈§≈.#.# #.'
#..≈≈§..#.# #.#
#♣.....##.##
#.# ########..#
#.# ##.# #.#
#.# #.# #.##
#.# #..## #.#


There were no monsters in sight!

Vanquished Creatures
  Crazy Yiuf (D:2)
  An orc wizard (D:3)
  2 adders
  5 dart slugs
  4 orcs (D:3)
  3 bats
  10 endoplasms
  3 giant cockroaches
  5 goblins
  5 hobgoblins
  7 jackals (D:1)
  8 ball pythons
  3 frilled lizards
  7 kobolds
  9 rats
73 creatures vanquished.

Vanquished Creatures (others)
  A kobold (D:1)
1 creature vanquished.

Grand Total: 74 creatures vanquished

Notes
Turn   | Place    | Note
-------+----------+-------------------------------------------
     0 | D:1      | Kuronicle the Octopode Monk began the quest for the Orb.
     0 | D:1      | Reached XP level 1. HP: 16/16 MP: 1/1
   119 | D:1      | Reached XP level 2. HP: 15/21 MP: 2/2
   425 | D:1      | Upgraded the game from 0.30-a0-715-gdb4ae3ece1 to
                  | 0.30-a0-718-geaa24f58ff
   425 | D:1      | Upgraded the game from 0.30-a0-718-geaa24f58ff to
                  | 0.30-a0-723-gc1506a1cf0
   496 | D:1      | Reached skill level 3 in Stealth
   496 | D:1      | Reached XP level 3. HP: 21/26 MP: 3/3
  1040 | D:2      | Found Jopeupru's Antique Armour Shoppe.
  1173 | D:2      | Found a runed translucent door.
  1174 | D:2      | Noticed Crazy Yiuf
  1261 | D:2      | Found Oreteaz's Antique Weapon Shop.
  1288 | D:2      | Reached XP level 4. HP: 31/31 MP: 4/4
  1307 | D:2      | Reached skill level 1 in Short Blades
  1532 | D:2      | Killed Crazy Yiuf
  1533 | D:2      | Reached skill level 4 in Stealth
  1711 | D:2      | Found Unaike's Distillery.
  2021 | D:3      | Reached XP level 5. HP: 35/37 MP: 5/5
  2625 | D:3      | Reached skill level 1 in Staves
  2668 | D:2      | Bought a potion of mutation for 80 gold pieces
  2668 | D:2      | Gained mutation: You occasionally shout uncontrollably at
                  | your foes. [potion of mutation]
  2668 | D:2      | Gained mutation: Your spells are a little harder to cast,
                  | but a little more powerful. [potion of mutation]
  2668 | D:2      | Gained mutation: You do not regenerate when monsters are
                  | visible. [potion of mutation]
  2669 | D:2      | Quit the game

Illustrated notes

Levels and vault maps discovered:
D:1:      dpeg_arrival_leaves_temple_mockup, layout_loops_ring,
          chequers_serial_rivers_micro_a, nrook_mini_vaults,
          minmay_misc_feat_plants, serial_bayou_pond_e
D:2:      layout_basic, serial_shops, nicolae_lakefront_shop, shop, shop,
          grunt_ministairs_3, minmay_door_square, uniq_crazy_yiuf_cottage
D:3:      layout_basic

Skill      XL: |  1  2  3  4  5 |
---------------+----------------+-----
Stealth        | 3 4 |  4.6
Short Blades   | 1 |  1.4
Staves         | 1 |  1.0
Fighting       | |  3.7
Dodging        | |  3.8
Unarmed Combat | |  3.4

Action                     |  1- 3 |  4- 6 || total
---------------------------+-------+-------++-------
  Melee: Unarmed           |    31 |       ||    31
         Constrict         |    22 |    11 ||    33
         Tentacles         |    18 |    10 ||    28
         Punch             |     3 |       ||     3
         Short sword       |    49 |    20 ||    69
         Quarterstaff      |       |    30 ||    30
    Use: Scroll            |     4 |     1 ||     5
         Potion            |       |     1 ||     1
   Stab: Sleeping          |    11 |     5 ||    16
         Distracted        |       |     1 ||     1
 Armour: Skin              |     3 |     2 ||     5
  Dodge: Dodged            |    34 |    36 ||    70

Table legend: (Time is in decaauts)
 A = Elapsed time spent in this place.
 B = Non-inter-level travel time spent in this place.
 C = Inter-level travel time spent in this place.
 D = Time resting spent in this place.
 E = Time spent auto-exploring this place.
 F = Levels seen in this place.
 G = Mean time per level.
                   A        B        C        D        E       F      G
               +--------+--------+--------+--------+--------+-----+--------+
         Total |   2671 |   2424 |    247 |     45 |   1719 |   3 |  890.3 |
       Dungeon |   2671 |   2424 |    247 |     45 |   1719 |   3 |  890.3 |
               +--------+--------+--------+--------+--------+-----+--------+

Top non-repeatable levels by time:
     D:1: 1035 daAuts
     D:2: 974 daAuts
     D:3: 661 daAuts
